Bruins vs Stars
(R1)
Created - October 29, 2020 at 19:00
Goals
|
| Bruins |
0 |
2 |
0 |
2 |
| Stars |
0 |
1 |
2 |
3 |
|
Shots
|
| Bruins |
7 |
13 |
7 |
27 |
| Stars |
10 |
11 |
13 |
34 |
|
1st period
No Goal
Penalties :
Cory Emmerton (Dal) for Hooking (Minor) at 7:24, Jason Demers (Bos) for Roughing (Minor) at 18:45
2nd period
1. Bruins , Zack Kassian 3 (Jonathan Toews 4, Wojtek Wolski 4) at 2:29 (PP)
2. Stars , Alex Chiasson 1 (Jussi Jokinen 1) at 4:52
3. Bruins , Jonathan Toews 4 (Jason Demers 3, Wojtek Wolski 5) at 13:04 (PP)
Penalties :
Boris Valabik (Dal) for Holding (Minor) at 1:27, Jonathan Toews (Bos) for Holding (Minor) at 5:21, John Tavares (Dal) for Tripping (Minor) at 12:47, Zack Kassian (Bos) for Holding (Minor) at 13:14, Wojtek Wolski (Bos) for Boarding (Minor) at 18:01
3rd period
4. Stars , Guillaume Latendresse 4 (Brian Lee 3, John Tavares 6) at 3:04
5. Stars , Guillaume Latendresse 5 (John Tavares 7) at 14:34
Penalties :
Brian Lee (Dal) for Holding (Minor) at 0:54, Michael Grabner (Dal) for Roughing (Minor) at 4:25, Paul Ladue (Dal) for Slashing (Minor) at 8:58, Ted Purcell (Dal) for Hooking (Minor) at 15:50
Goalie Stats
Kevin Poulin (Bos), 31 saves from 34 shots - (0.912), L, 2-2-0, 58:46 minutes
Cory Schneider (Dal), 25 saves from 27 shots - (0.926), W, 4-1-0, 60:00 minutes
Players Stats for Bruins
Player Name G A P +/- PIM S H SB GA TA FO MP PP MP PK MP
------------------------------------------------------------------------------------
Brendan Smith 0 0 0 -1 0 3 7 0 1 0 0/0 30:28 7:25 5:01
Casey Cizikas 0 0 0 0 0 0 2 0 0 0 0/4 7:18 0:00 1:09
Dan Hamhuis 0 0 0 -2 0 0 1 0 0 0 0/0 20:17 3:49 2:55
Dave Bolland 0 0 0 -1 0 1 1 3 0 0 8/14 16:04 4:07 0:00
Ian Cole 0 0 0 0 0 0 0 2 1 0 0/0 9:15 0:00 0:00
Jason Demers 0 1 1 -1 2 2 0 1 0 3 0/0 28:56 7:25 3:38
Johnny Boychuk 0 0 0 -2 0 1 1 0 0 1 0/0 20:17 3:49 2:55
Jonathan Toews 1 1 2 -1 2 1 3 0 0 0 16/33 21:29 6:16 1:29
Kris Chucko 0 0 0 0 0 0 0 1 0 0 0/1 7:33 0:00 1:24
Matt Read 0 0 0 -1 0 1 2 0 1 0 0/0 9:09 0:51 0:00
Mike Ribeiro 0 0 0 -1 0 2 1 0 0 1 6/6 9:22 1:04 0:00
Rene Bourque 0 0 0 0 0 1 0 0 0 1 0/0 7:06 0:51 0:00
Scott Hartnell 0 0 0 -1 0 2 2 1 1 0 0/0 18:15 4:07 2:11
Slava Voynov 0 0 0 0 0 1 0 1 0 1 0/0 11:07 0:00 1:23
T.J Galiardi 0 0 0 -1 0 4 0 0 1 0 0/2 10:44 0:00 2:12
Victor Oreskovich 0 0 0 -1 0 2 2 0 1 1 0/0 15:51 3:54 0:00
Wojtek Wolski 0 2 2 -1 2 2 1 1 0 0 5/10 24:25 6:16 3:44
Zack Kassian 1 0 1 -1 2 4 4 1 1 1 0/2 24:24 6:16 3:43
Players Stats for Stars
Player Name G A P +/- PIM S H SB GA TA FO MP PP MP PK MP
------------------------------------------------------------------------------------
Alex Chiasson 1 0 1 1 0 3 2 0 0 0 2/2 14:04 3:37 0:00
Alexander Frolov 0 0 0 0 0 3 1 1 1 0 0/3 11:39 0:00 1:51
Antoine Vermette 0 0 0 1 0 2 1 1 0 0 3/9 15:56 3:37 1:29
B.J. Crombeen 0 0 0 0 0 1 1 0 0 0 0/0 6:21 0:00 0:00
Boris Valabik 0 0 0 2 2 0 1 1 0 2 0/0 19:51 3:03 4:19
Brian Lee 0 1 1 2 2 3 0 4 1 1 0/0 29:06 4:53 4:48
Cam Atkinson 0 0 0 0 0 4 0 0 1 0 0/0 9:27 0:00 0:00
Cory Emmerton 0 0 0 0 2 1 0 0 0 0 0/3 6:43 0:00 0:00
Evgeny Grachev 0 0 0 0 0 0 0 0 1 0 4/7 9:27 0:00 0:00
Guillaume Latendresse 2 0 2 2 0 6 2 1 0 0 1/1 24:15 4:19 6:04
Ian White 0 0 0 1 0 1 4 2 0 1 0/0 30:14 4:53 5:58
John Tavares 0 2 2 2 2 2 3 1 1 0 26/43 23:51 4:19 5:45
Jussi Jokinen 0 1 1 1 0 2 2 0 1 2 1/3 18:59 3:37 4:31
Michael Grabner 0 0 0 1 2 3 1 1 1 0 0/1 20:38 4:19 2:45
Paul Ladue 0 0 0 0 2 0 0 2 0 1 0/0 11:36 0:00 2:14
Shane O'Brien 0 0 0 2 0 0 0 1 0 0 0/0 20:16 3:03 4:35
Ted Purcell 0 0 0 0 2 2 0 0 1 0 0/0 6:45 0:00 0:03
Tyson Barrie 0 0 0 0 0 1 1 1 1 0 0/0 9:31 0:00 0:34
3 Stars
1 - Guillaume Latendresse (Dal)
2 - John Tavares (Dal)
3 - Alex Chiasson (Dal)
Power Play
Bruins - 2 on 7 Attempt(s) - 28.57%
Stars - 0 on 4 Attempt(s) - 0.00%
Penalty Kill
Bruins - 4 on 4 Attempt(s) - 100.00%
- Score 0 goal in Penalty Kill
Stars - 5 on 7 Attempt(s) - 71.43%
- Score 0 goal in Penalty Kill
Team Stat
Bruins - Hits : 27 - Faceoff Wins : 35 - Blocked Shots : 11 - Penalty Minutes : 8
Stars - Hits : 19 - Faceoff Wins : 37 - Blocked Shots : 16 - Penalty Minutes : 14
Official
Referees : Unknown
Linesman : Unknown
Game Notes
No Game Note
Finance
Level 1 -- Attendance: 4270 (71.17%) -- Ticket Income $533,750
Level 2 -- Attendance: 3930 (78.60%) -- Ticket Income $294,750
Level 3 -- Attendance: 1481 (74.05%) -- Ticket Income $74,050
Level 4 -- Attendance: 2619 (65.48%) -- Ticket Income $104,760
Luxury Box -- Attendance: 629 (62.90%) -- Ticket Income $157,250
Game was played at the American Airlines Center.
Total Attendance: 12929 (71.83%)
Total Ticket Income: $1,164,560
Other Income: $174,684
Total Income: $1,339,244
Bruins
5 vs 5 Forward
Center Left Wing Right Wing Time % Phy DF OF
1 Jonathan Toews Wojtek Wolski Zack Kassian 40 1 2 2
2 Dave Bolland Scott Hartnell Victor Oreskovich 30 1 2 2
3 Mike Ribeiro T.J Galiardi Matt Read 20 1 2 2
4 Casey Cizikas Kris Chucko Rene Bourque 10 1 2 2
5 vs 5 Defense
Defense Defense Time % Phy DF OF
1 Jason Demers Brendan Smith 40 1 2 2
2 Johnny Boychuk Dan Hamhuis 30 1 2 2
3 Ian Cole Slava Voynov 20 1 2 2
4 Jason Demers Brendan Smith 10 1 2 2
PowerPlay Forward
Center Left Wing Right Wing Time % Phy DF OF
1 Jonathan Toews Wojtek Wolski Zack Kassian 60 1 2 2
2 Dave Bolland Scott Hartnell Victor Oreskovich 40 1 2 2
PowerPlay Defense
Defense Defense Time % Phy DF OF
1 Jason Demers Brendan Smith 60 1 2 2
2 Johnny Boychuk Dan Hamhuis 40 1 2 2
Penalty Kill 4 Players Forward
Center Wing Time % Phy DF OF
1 Wojtek Wolski Zack Kassian 60 1 2 2
2 Jonathan Toews Scott Hartnell 40 1 2 2
Penalty Kill 4 Players Defense
Defense Defense Time % Phy DF OF
1 Jason Demers Brendan Smith 60 1 2 2
2 Johnny Boychuk Dan Hamhuis 40 1 2 2
Penalty Kill - 3 Players Forward
Forward Time % Phy DF OF
1 Wojtek Wolski 60 1 2 2
2 Zack Kassian 40 1 2 2
Penalty Kill - 3 Players Defense
Defense Defense Time % Phy DF OF
1 Jason Demers Brendan Smith 60 1 2 2
2 Johnny Boychuk Dan Hamhuis 40 1 2 2
4 vs 4 Forward
Center Wing Time % Phy DF OF
1 Wojtek Wolski Zack Kassian 60 1 2 2
2 Jonathan Toews Scott Hartnell 40 1 2 2
4 vs 4 Defense
Defense Defense Time % Phy DF OF
1 Jason Demers Brendan Smith 60 1 2 2
2 Johnny Boychuk Dan Hamhuis 40 1 2 2
Last Minutes Offensive
Center Left Wing Right Wing Defense Defense
Jonathan Toews Wojtek Wolski Zack Kassian Jason Demers Brendan Smith
Last Minutes Defensive
Center Left Wing Right Wing Defense Defense
Jonathan Toews Wojtek Wolski Zack Kassian Jason Demers Brendan Smith
Goaltenders
Starting : Kevin Poulin
Backup : Josh Tordjman
Extra Forwards
Normal : Mike Ribeiro, Matt Read, T.J Galiardi - PP : Mike Ribeiro, Matt Read - PK : T.J Galiardi
Extra Defensemen
Normal : Ian Cole, Slava Voynov, Johnny Boychuk - PP : Ian Cole - PK : Slava Voynov, Johnny Boychuk
Penalty Shots
Wojtek Wolski, Zack Kassian, Jonathan Toews, Scott Hartnell, Victor Oreskovich
Scratches
None
Stars
5 vs 5 Forward
Center Left Wing Right Wing Time % Phy DF OF
1 John Tavares Guillaume Latendresse Michael Grabner 40 1 2 2
2 Antoine Vermette Jussi Jokinen Alex Chiasson 30 1 2 2
3 Evgeny Grachev Alexander Frolov Cam Atkinson 20 1 2 2
4 Cory Emmerton Ted Purcell B.J. Crombeen 10 1 2 2
5 vs 5 Defense
Defense Defense Time % Phy DF OF
1 Ian White Brian Lee 40 1 2 2
2 Boris Valabik Shane O'Brien 30 1 2 2
3 Tyson Barrie Paul Ladue 20 1 2 2
4 Ian White Brian Lee 10 1 2 2
PowerPlay Forward
Center Left Wing Right Wing Time % Phy DF OF
1 John Tavares Guillaume Latendresse Michael Grabner 60 0 2 3
2 Antoine Vermette Jussi Jokinen Alex Chiasson 40 0 2 3
PowerPlay Defense
Defense Defense Time % Phy DF OF
1 Ian White Brian Lee 60 0 2 3
2 Boris Valabik Shane O'Brien 40 0 2 3
Penalty Kill 4 Players Forward
Center Wing Time % Phy DF OF
1 John Tavares Guillaume Latendresse 60 0 3 2
2 Jussi Jokinen Michael Grabner 40 0 3 2
Penalty Kill 4 Players Defense
Defense Defense Time % Phy DF OF
1 Ian White Brian Lee 60 0 3 2
2 Boris Valabik Shane O'Brien 40 0 3 2
Penalty Kill - 3 Players Forward
Forward Time % Phy DF OF
1 John Tavares 60 0 3 2
2 Guillaume Latendresse 40 0 3 2
Penalty Kill - 3 Players Defense
Defense Defense Time % Phy DF OF
1 Ian White Brian Lee 60 0 3 2
2 Boris Valabik Shane O'Brien 40 0 3 2
4 vs 4 Forward
Center Wing Time % Phy DF OF
1 John Tavares Guillaume Latendresse 60 0 2 3
2 Jussi Jokinen Michael Grabner 40 0 2 3
4 vs 4 Defense
Defense Defense Time % Phy DF OF
1 Ian White Brian Lee 60 0 2 3
2 Boris Valabik Shane O'Brien 40 0 2 3
Last Minutes Offensive
Center Left Wing Right Wing Defense Defense
John Tavares Guillaume Latendresse Michael Grabner Ian White Brian Lee
Last Minutes Defensive
Center Left Wing Right Wing Defense Defense
John Tavares Guillaume Latendresse Michael Grabner Ian White Brian Lee
Goaltenders
Starting : Cory Schneider
Backup : Matt Murray
Extra Forwards
Normal : Evgeny Grachev, Cory Emmerton, Alexander Frolov - PP : Evgeny Grachev, Cory Emmerton - PK : Alexander Frolov
Extra Defensemen
Normal : Tyson Barrie, Paul Ladue, Boris Valabik - PP : Tyson Barrie - PK : Paul Ladue, Boris Valabik
Penalty Shots
John Tavares, Guillaume Latendresse, Jussi Jokinen, Michael Grabner, Antoine Vermette
Scratches
Andrej Sustr (Healthy), Damien Brunner (Healthy)
% Time on Ice - Bruins
Lines # - Real PCT - Wanted PCT - Time Play
Normal Forward
1 - 34% - 40% - 13:19
2 - 30% - 30% - 11:57
3 - 21% - 20% - 8:12
4 - 16% - 10% - 6:09
Normal Defense
1 - 41% - 40% - 16:08
2 - 34% - 30% - 13:29
3 - 23% - 20% - 9:15
4 - 2% - 10% - 0:45
PP Forward
1 - 57% - 60% - 6:26
2 - 43% - 40% - 4:48
PP Defense
1 - 66% - 60% - 7:25
2 - 34% - 40% - 3:49
PK Forward
1 - 72% - 60% - 5:45
2 - 28% - 40% - 2:11
PK Defense
1 - 63% - 60% - 5:01
2 - 37% - 40% - 2:55
PK3 Forward
1 - 0% - 60%
2 - 0% - 40%
PK3 Defense
1 - 0% - 60%
2 - 0% - 40%
44 Forward
1 - 0% - 60%
2 - 0% - 40%
44 Defense
1 - 0% - 60%
2 - 0% - 40%
Last Minute Offensive - 1:13
Last Minute Defensive - 0:00
Total
Forward - 60:00
Defense - 60:00
|
% Time on Ice - Stars
Lines # - Real PCT - Wanted PCT - Time Play
Normal Forward
1 - 33% - 40% - 12:58
2 - 27% - 30% - 10:51
3 - 24% - 20% - 9:27
4 - 16% - 10% - 6:21
Normal Defense
1 - 39% - 40% - 15:37
2 - 32% - 30% - 12:38
3 - 23% - 20% - 8:57
4 - 6% - 10% - 2:25
PP Forward
1 - 54% - 60% - 4:19
2 - 46% - 40% - 3:37
PP Defense
1 - 62% - 60% - 4:53
2 - 38% - 40% - 3:03
PK Forward
1 - 70% - 60% - 7:51
2 - 30% - 40% - 3:23
PK Defense
1 - 59% - 60% - 6:39
2 - 41% - 40% - 4:35
PK3 Forward
1 - 0% - 60%
2 - 0% - 40%
PK3 Defense
1 - 0% - 60%
2 - 0% - 40%
44 Forward
1 - 0% - 60%
2 - 0% - 40%
44 Defense
1 - 0% - 60%
2 - 0% - 40%
Last Minute Offensive - 0:00
Last Minute Defensive - 1:13
Total
Forward - 60:00
Defense - 60:00
|
Play-by-Play
1st period
0:01 of 1st period - John Tavares wins face-off versus Jonathan Toews in neutral zone.
0:04 of 1st period - Snap shot by Brian Lee.
0:04 of 1st period - Stopped by Kevin Poulin with a rebound.
0:26 of 1st period - Antoine Vermette is hit by Scott Hartnell and loses puck.
0:51 of 1st period - Alexander Frolov is hit by Dave Bolland and loses puck.
1:54 of 1st period - Snap shot by Alex Chiasson.
1:54 of 1st period - Shot Misses the Net.
2:00 of 1st period - Zack Kassian is hit by Jussi Jokinen.
2:01 of 1st period - Icing by Zack Kassian.
2:02 of 1st period - Jonathan Toews wins face-off versus John Tavares in Bruins zone.
2:33 of 1st period - Alexander Frolov is hit by Jonathan Toews and loses puck.
2:50 of 1st period - Brian Lee is hit by Zack Kassian and loses puck.
3:27 of 1st period - Cam Atkinson is hit by Wojtek Wolski.
3:38 of 1st period - Icing by Ian White.
3:39 of 1st period - Evgeny Grachev wins face-off versus Dave Bolland in Stars zone.
4:27 of 1st period - Slapshot by Evgeny Grachev.
4:27 of 1st period - Shot Misses the Net.
4:59 of 1st period - Slapshot by Brian Lee.
4:59 of 1st period - Shot Blocked by Dave Bolland.
5:01 of 1st period - Slapshot by Alexander Frolov.
5:01 of 1st period - Shot Misses the Net.
5:03 of 1st period - Slapshot by Ian White.
5:03 of 1st period - Shot Blocked by Dave Bolland.
5:05 of 1st period - Slapshot by Ian White.
5:05 of 1st period - Shot Blocked by Ian Cole.
5:07 of 1st period - Snap shot by Cam Atkinson.
5:07 of 1st period - Stopped by Kevin Poulin with a rebound.
5:09 of 1st period - Wrist shot by Alexander Frolov.
5:09 of 1st period - Stopped by Kevin Poulin with a rebound.
5:11 of 1st period - Wrist shot by Alexander Frolov.
5:11 of 1st period - Shot Misses the Net.
5:13 of 1st period - Snap shot by Brian Lee.
5:13 of 1st period - Shot Blocked by Slava Voynov.
5:19 of 1st period - Snap shot by Evgeny Grachev.
5:19 of 1st period - Shot Misses the Net.
5:27 of 1st period - Snap shot by Evgeny Grachev.
5:27 of 1st period - Shot Misses the Net.
5:29 of 1st period - Snap shot by Evgeny Grachev.
5:29 of 1st period - Shot Misses the Net.
5:31 of 1st period - Wrist shot by Cam Atkinson.
5:31 of 1st period - Stopped by Kevin Poulin with a rebound.
5:33 of 1st period - Snap shot by Cam Atkinson.
5:33 of 1st period - Shot Misses the Net.
5:35 of 1st period - Slapshot by Brian Lee.
5:35 of 1st period - Stopped by Kevin Poulin with a rebound.
5:37 of 1st period - Snap shot by Cam Atkinson.
5:37 of 1st period - Stopped by Kevin Poulin without a rebound.
5:38 of 1st period - Mike Ribeiro wins face-off versus John Tavares in Bruins zone.
5:45 of 1st period - Michael Grabner is hit by Matt Read and loses puck.
5:53 of 1st period - Slapshot by Jason Demers.
5:53 of 1st period - Stopped by Cory Schneider without a rebound.
5:54 of 1st period - Alex Chiasson wins face-off versus Casey Cizikas in Stars zone.
6:20 of 1st period - Tyson Barrie is hit by Brendan Smith and loses puck.
6:55 of 1st period - Dan Hamhuis is hit by Tyson Barrie and loses puck.
7:08 of 1st period - Boris Valabik is hit by Casey Cizikas.
7:24 of 1st period - Minor Penalty to Cory Emmerton for Hooking.
7:25 of 1st period - Guillaume Latendresse wins face-off versus Zack Kassian in Stars zone.
9:07 of 1st period - Mike Ribeiro is hit by Jussi Jokinen and loses puck.
9:24 of 1st period - Penalty to Cory Emmerton is over, Cory Emmerton is back on ice.
9:40 of 1st period - Wrist shot by Casey Cizikas.
9:40 of 1st period - Shot Blocked by Brian Lee.
12:08 of 1st period - Boris Valabik is hit by Brendan Smith and loses puck.
12:35 of 1st period - Brian Lee is hit by Zack Kassian and loses puck.
12:50 of 1st period - Slapshot by Matt Read.
12:50 of 1st period - Stopped by Cory Schneider with a rebound.
12:56 of 1st period - Dan Hamhuis is hit by B.J. Crombeen and loses puck.
13:09 of 1st period - Snap shot by T.J Galiardi.
13:09 of 1st period - Stopped by Cory Schneider with a rebound.
13:11 of 1st period - Wrist shot by Dan Hamhuis.
13:11 of 1st period - Shot Blocked by Alexander Frolov.
13:13 of 1st period - Wrist shot by Casey Cizikas.
13:13 of 1st period - Shot Misses the Net.
13:15 of 1st period - Snap shot by Rene Bourque.
13:15 of 1st period - Stopped by Cory Schneider without a rebound.
13:16 of 1st period - Antoine Vermette wins face-off versus Jonathan Toews in Stars zone.
13:22 of 1st period - Wrist shot by Antoine Vermette.
13:22 of 1st period - Stopped by Kevin Poulin without a rebound.
13:23 of 1st period - Jonathan Toews wins face-off versus Antoine Vermette in Bruins zone.
14:06 of 1st period - Jussi Jokinen is hit by Brendan Smith and loses puck.
14:41 of 1st period - Snap shot by Alex Chiasson.
14:41 of 1st period - Shot Hit the Post.
15:13 of 1st period - Snap shot by Wojtek Wolski.
15:13 of 1st period - Stopped by Cory Schneider without a rebound.
15:14 of 1st period - John Tavares wins face-off versus Dave Bolland in Stars zone.
15:21 of 1st period - Snap shot by Scott Hartnell.
15:21 of 1st period - Deflect By Dave Bolland.
15:21 of 1st period - Shot Blocked by Boris Valabik.
15:21 of 1st period - Puck is out of play.
15:22 of 1st period - Dave Bolland wins face-off versus John Tavares in Stars zone.
15:23 of 1st period - Wrist shot by Victor Oreskovich.
15:23 of 1st period - Stopped by Cory Schneider without a rebound.
15:24 of 1st period - Dave Bolland wins face-off versus John Tavares in Stars zone.
15:43 of 1st period - Snap shot by Guillaume Latendresse.
15:43 of 1st period - Stopped by Kevin Poulin with a rebound.
15:45 of 1st period - Snap shot by Michael Grabner.
15:45 of 1st period - Deflect By John Tavares.
15:45 of 1st period - Shot Misses the Net.
15:45 of 1st period - Puck is out of play.
15:46 of 1st period - Mike Ribeiro wins face-off versus Cory Emmerton in Bruins zone.
16:01 of 1st period - Wrist shot by Mike Ribeiro.
16:01 of 1st period - Shot Misses the Net.
16:11 of 1st period - Dan Hamhuis is hit by Michael Grabner and loses puck.
17:10 of 1st period - Ian White is hit by Victor Oreskovich and loses puck.
17:26 of 1st period - Icing by Alex Chiasson.
17:27 of 1st period - Jonathan Toews wins face-off versus Antoine Vermette in Stars zone.
17:28 of 1st period - Snap shot by Zack Kassian.
17:28 of 1st period - Shot Blocked by Antoine Vermette.
17:34 of 1st period - Wrist shot by Zack Kassian.
17:34 of 1st period - Stopped by Cory Schneider with a rebound.
18:16 of 1st period - Slapshot by Brian Lee.
18:16 of 1st period - Stopped by Kevin Poulin without a rebound.
18:17 of 1st period - Dave Bolland wins face-off versus Cory Emmerton in Bruins zone.
18:21 of 1st period - Icing by Jason Demers.
18:22 of 1st period - Dave Bolland wins face-off versus John Tavares in Bruins zone.
18:39 of 1st period - Wrist shot by John Tavares.
18:39 of 1st period - Stopped by Kevin Poulin with a rebound.
18:45 of 1st period - Minor Penalty to Jason Demers for Roughing.
18:46 of 1st period - Wojtek Wolski wins face-off versus John Tavares in Bruins zone.
18:57 of 1st period - Slava Voynov is hit by Ian White and loses puck.
19:33 of 1st period - Brian Lee is hit by Johnny Boychuk and loses puck.
19:54 of 1st period - Slava Voynov is hit by Boris Valabik and loses puck.
Goals for this period are 0 for Bruins vs 0 for Stars.
Shots for this period are 7 for Bruins vs 10 for Stars.
2nd period
0:01 of 2nd period - John Tavares wins face-off versus Wojtek Wolski in neutral zone.
0:04 of 2nd period - Backhand shot by Michael Grabner.
0:04 of 2nd period - Stopped by Kevin Poulin without a rebound.
0:05 of 2nd period - Wojtek Wolski wins face-off versus John Tavares in Bruins zone.
0:16 of 2nd period - Slapshot by Brian Lee.
0:16 of 2nd period - Shot Blocked by Wojtek Wolski.
0:29 of 2nd period - Icing by Michael Grabner.
0:30 of 2nd period - Alex Chiasson wins face-off versus Wojtek Wolski in Stars zone.
0:45 of 2nd period - Penalty to Jason Demers is over, Jason Demers is back on ice.
1:00 of 2nd period - Brendan Smith is hit by Ian White and loses puck.
1:13 of 2nd period - Wrist shot by Scott Hartnell.
1:13 of 2nd period - Stopped by Cory Schneider without a rebound.
1:14 of 2nd period - Dave Bolland wins face-off versus Evgeny Grachev in Stars zone.
1:14 of 2nd period - Dave Bolland is hit by Alexander Frolov.
1:27 of 2nd period - Minor Penalty to Boris Valabik for Holding.
1:28 of 2nd period - Jonathan Toews wins face-off versus John Tavares in Stars zone.
1:34 of 2nd period - Snap shot by Zack Kassian.
1:34 of 2nd period - Shot Blocked by Ian White.
1:36 of 2nd period - Snap shot by Brendan Smith.
1:36 of 2nd period - Stopped by Cory Schneider without a rebound.
1:37 of 2nd period - John Tavares wins face-off versus Jonathan Toews in Stars zone.
2:29 of 2nd period - Snap shot by Zack Kassian.
2:29 of 2nd period - Goal by Zack Kassian - Bruins : 1 - Stars : 0.
2:30 of 2nd period - Mike Ribeiro wins face-off versus John Tavares in neutral zone.
3:00 of 2nd period - Snap shot by Dave Bolland.
3:00 of 2nd period - Shot Misses the Net.
3:02 of 2nd period - Snap shot by Scott Hartnell.
3:02 of 2nd period - Deflect By Antoine Vermette.
3:02 of 2nd period - Shot Misses the Net.
3:02 of 2nd period - Puck is out of play.
3:03 of 2nd period - Antoine Vermette wins face-off versus Dave Bolland in Stars zone.
3:33 of 2nd period - Jason Demers is hit by Alex Chiasson and loses puck.
4:32 of 2nd period - Snap shot by Scott Hartnell.
4:32 of 2nd period - Shot Misses the Net.
4:40 of 2nd period - Snap shot by Antoine Vermette.
4:40 of 2nd period - Shot Blocked by Scott Hartnell.
4:52 of 2nd period - Slapshot by Alex Chiasson.
4:52 of 2nd period - Goal by Alex Chiasson - Bruins : 1 - Stars : 1.
4:53 of 2nd period - John Tavares wins face-off versus Jonathan Toews in neutral zone.
5:02 of 2nd period - Slapshot by Guillaume Latendresse.
5:02 of 2nd period - Stopped by Kevin Poulin without a rebound.
5:03 of 2nd period - John Tavares wins face-off versus Jonathan Toews in Bruins zone.
5:06 of 2nd period - Snap shot by Guillaume Latendresse.
5:06 of 2nd period - Shot Blocked by Zack Kassian.
5:08 of 2nd period - Snap shot by Michael Grabner.
5:08 of 2nd period - Shot Misses the Net.
5:10 of 2nd period - Wrist shot by Michael Grabner.
5:10 of 2nd period - Stopped by Kevin Poulin without a rebound.
5:11 of 2nd period - John Tavares wins face-off versus Jonathan Toews in Bruins zone.
5:21 of 2nd period - Minor Penalty to Jonathan Toews for Holding.
5:22 of 2nd period - Wojtek Wolski wins face-off versus John Tavares in Bruins zone.
7:18 of 2nd period - Guillaume Latendresse is hit by Zack Kassian and loses puck.
7:21 of 2nd period - Penalty to Jonathan Toews is over, Jonathan Toews is back on ice.
8:13 of 2nd period - Evgeny Grachev is hit by Dan Hamhuis and loses puck.
8:32 of 2nd period - Tyson Barrie is hit by Brendan Smith and loses puck.
8:37 of 2nd period - Wrist shot by T.J Galiardi.
8:37 of 2nd period - Deflect By Jussi Jokinen.
8:37 of 2nd period - Stopped by Cory Schneider without a rebound.
8:38 of 2nd period - Jonathan Toews wins face-off versus John Tavares in Stars zone.
9:30 of 2nd period - Alexander Frolov is hit by Victor Oreskovich and loses puck.
9:41 of 2nd period - Slapshot by Alex Chiasson.
9:41 of 2nd period - Stopped by Kevin Poulin with a rebound.
9:43 of 2nd period - Snap shot by Antoine Vermette.
9:43 of 2nd period - Stopped by Kevin Poulin without a rebound.
9:44 of 2nd period - Antoine Vermette wins face-off versus Casey Cizikas in Bruins zone.
9:53 of 2nd period - Slapshot by Jussi Jokinen.
9:53 of 2nd period - Stopped by Kevin Poulin without a rebound.
9:54 of 2nd period - John Tavares wins face-off versus Zack Kassian in Bruins zone.
10:07 of 2nd period - Slapshot by Wojtek Wolski.
10:07 of 2nd period - Shot Misses the Net.
10:25 of 2nd period - Snap shot by Alexander Frolov.
10:25 of 2nd period - Stopped by Kevin Poulin without a rebound.
10:26 of 2nd period - Mike Ribeiro wins face-off versus Evgeny Grachev in Bruins zone.
10:52 of 2nd period - Ian White is hit by Scott Hartnell and loses puck.
11:57 of 2nd period - Slapshot by Ted Purcell.
11:57 of 2nd period - Stopped by Kevin Poulin without a rebound.
11:58 of 2nd period - Mike Ribeiro wins face-off versus Cory Emmerton in Bruins zone.
12:11 of 2nd period - Wrist shot by T.J Galiardi.
12:11 of 2nd period - Deflect By Mike Ribeiro.
12:11 of 2nd period - Stopped by Cory Schneider with a rebound.
12:40 of 2nd period - Snap shot by T.J Galiardi.
12:40 of 2nd period - Stopped by Cory Schneider with a rebound.
12:42 of 2nd period - Slapshot by Slava Voynov.
12:42 of 2nd period - Shot Blocked by Brian Lee.
12:44 of 2nd period - Slapshot by Slava Voynov.
12:44 of 2nd period - Stopped by Cory Schneider without a rebound.
12:45 of 2nd period - John Tavares wins face-off versus Jonathan Toews in Stars zone.
12:47 of 2nd period - Minor Penalty to John Tavares for Tripping.
12:48 of 2nd period - Wojtek Wolski wins face-off versus Alexander Frolov in Stars zone.
12:54 of 2nd period - Snap shot by Zack Kassian.
12:54 of 2nd period - Stopped by Cory Schneider without a rebound.
12:55 of 2nd period - Jonathan Toews wins face-off versus Alexander Frolov in Stars zone.
12:56 of 2nd period - Snap shot by Wojtek Wolski.
12:56 of 2nd period - Stopped by Cory Schneider with a rebound.
12:58 of 2nd period - Slapshot by Jason Demers.
12:58 of 2nd period - Shot Misses the Net.
13:00 of 2nd period - Slapshot by Jonathan Toews.
13:00 of 2nd period - Shot Misses the Net.
13:02 of 2nd period - Slapshot by Jason Demers.
13:02 of 2nd period - Stopped by Cory Schneider with a rebound.
13:04 of 2nd period - Slapshot by Jason Demers.
13:04 of 2nd period - Deflect By Jonathan Toews.
13:04 of 2nd period - Goal by Jonathan Toews - Bruins : 2 - Stars : 1.
13:05 of 2nd period - John Tavares wins face-off versus Wojtek Wolski in neutral zone.
13:12 of 2nd period - Snap shot by John Tavares.
13:12 of 2nd period - Shot Misses the Net.
13:14 of 2nd period - Minor Penalty to Zack Kassian for Holding.
13:15 of 2nd period - John Tavares wins face-off versus Wojtek Wolski in Bruins zone.
13:50 of 2nd period - Slapshot by Ian White.
13:50 of 2nd period - Deflect By Jason Demers.
13:50 of 2nd period - Stopped by Kevin Poulin without a rebound.
13:51 of 2nd period - Wojtek Wolski wins face-off versus Antoine Vermette in Bruins zone.
14:03 of 2nd period - Dan Hamhuis is hit by Alex Chiasson.
14:17 of 2nd period - Johnny Boychuk is hit by John Tavares.
14:30 of 2nd period - Icing by Guillaume Latendresse.
14:31 of 2nd period - Jonathan Toews wins face-off versus Michael Grabner in Stars zone.
15:14 of 2nd period - Penalty to Zack Kassian is over, Zack Kassian is back on ice.
15:24 of 2nd period - Kris Chucko is hit by Ian White and loses puck.
15:33 of 2nd period - Brian Lee is hit by Brendan Smith and loses puck.
15:50 of 2nd period - Wrist shot by Matt Read.
15:50 of 2nd period - Shot Misses the Net.
15:52 of 2nd period - Snap shot by Mike Ribeiro.
15:52 of 2nd period - Shot Blocked by Guillaume Latendresse.
15:54 of 2nd period - Slapshot by Dan Hamhuis.
15:54 of 2nd period - Shot Misses the Net.
16:13 of 2nd period - Wrist shot by John Tavares.
16:13 of 2nd period - Deflect By Guillaume Latendresse.
16:13 of 2nd period - Shot Blocked by Dave Bolland.
16:13 of 2nd period - Puck is out of play.
16:14 of 2nd period - Jonathan Toews wins face-off versus Antoine Vermette in Bruins zone.
16:19 of 2nd period - Jussi Jokinen is hit by Jonathan Toews and loses puck.
16:40 of 2nd period - Tyson Barrie is hit by Mike Ribeiro and loses puck.
16:47 of 2nd period - Wrist shot by Mike Ribeiro.
16:47 of 2nd period - Stopped by Cory Schneider with a rebound.
16:49 of 2nd period - Slapshot by T.J Galiardi.
16:49 of 2nd period - Stopped by Cory Schneider with a rebound.
17:01 of 2nd period - Alexander Frolov is hit by Casey Cizikas and loses puck.
17:24 of 2nd period - Snap shot by Jussi Jokinen.
17:24 of 2nd period - Stopped by Kevin Poulin with a rebound.
17:51 of 2nd period - Snap shot by Cory Emmerton.
17:51 of 2nd period - Shot Misses the Net.
17:55 of 2nd period - Snap shot by B.J. Crombeen.
17:55 of 2nd period - Shot Blocked by Jason Demers.
18:01 of 2nd period - Minor Penalty to Wojtek Wolski for Boarding.
18:02 of 2nd period - John Tavares wins face-off versus T.J Galiardi in Bruins zone.
18:13 of 2nd period - Wrist shot by Guillaume Latendresse.
18:13 of 2nd period - Shot Misses the Net.
18:29 of 2nd period - Zack Kassian is hit by Ian White and loses puck.
18:54 of 2nd period - John Tavares is hit by Jonathan Toews and loses puck.
19:57 of 2nd period - Icing by Michael Grabner.
19:58 of 2nd period - John Tavares wins face-off versus Casey Cizikas in Stars zone.
Goals for this period are 2 for Bruins vs 1 for Stars.
Shots for this period are 13 for Bruins vs 11 for Stars.
3rd period
0:01 of 3rd period - Penalty to Wojtek Wolski is over, Wojtek Wolski is back on ice.
0:01 of 3rd period - John Tavares wins face-off versus T.J Galiardi in neutral zone.
0:26 of 3rd period - Slapshot by Jussi Jokinen.
0:26 of 3rd period - Shot Misses the Net.
0:28 of 3rd period - Wrist shot by Alex Chiasson.
0:28 of 3rd period - Shot Misses the Net.
0:30 of 3rd period - Snap shot by Antoine Vermette.
0:30 of 3rd period - Deflect By Alex Chiasson.
0:30 of 3rd period - Shot Misses the Net.
0:30 of 3rd period - Puck is out of play.
0:31 of 3rd period - John Tavares wins face-off versus Dave Bolland in Bruins zone.
0:34 of 3rd period - Snap shot by John Tavares.
0:34 of 3rd period - Stopped by Kevin Poulin without a rebound.
0:35 of 3rd period - John Tavares wins face-off versus Jonathan Toews in Bruins zone.
0:54 of 3rd period - Minor Penalty to Brian Lee for Holding.
0:55 of 3rd period - Jonathan Toews wins face-off versus John Tavares in Stars zone.
1:21 of 3rd period - Dave Bolland is hit by John Tavares and loses puck.
1:30 of 3rd period - Snap shot by Victor Oreskovich.
1:30 of 3rd period - Stopped by Cory Schneider without a rebound.
1:31 of 3rd period - Jonathan Toews wins face-off versus Jussi Jokinen in Stars zone.
1:42 of 3rd period - Wrist shot by Zack Kassian.
1:42 of 3rd period - Shot Misses the Net.
1:44 of 3rd period - Wrist shot by Jonathan Toews.
1:44 of 3rd period - Deflect By Michael Grabner.
1:44 of 3rd period - Shot Blocked by Shane O'Brien.
1:44 of 3rd period - Puck is out of play.
1:45 of 3rd period - Jonathan Toews wins face-off versus John Tavares in Stars zone.
1:50 of 3rd period - Wrist shot by Zack Kassian.
1:50 of 3rd period - Shot Misses the Net.
2:00 of 3rd period - Wrist shot by Zack Kassian.
2:00 of 3rd period - Shot Blocked by Paul Ladue.
2:02 of 3rd period - Wrist shot by Wojtek Wolski.
2:02 of 3rd period - Shot Misses the Net.
2:38 of 3rd period - Wrist shot by Brendan Smith.
2:38 of 3rd period - Deflect By Michael Grabner.
2:38 of 3rd period - Stopped by Cory Schneider without a rebound.
2:39 of 3rd period - Jonathan Toews wins face-off versus Jussi Jokinen in Stars zone.
2:54 of 3rd period - Penalty to Brian Lee is over, Brian Lee is back on ice.
3:04 of 3rd period - Snap shot by Guillaume Latendresse.
3:04 of 3rd period - Goal by Guillaume Latendresse - Bruins : 2 - Stars : 2.
3:05 of 3rd period - Jonathan Toews wins face-off versus John Tavares in neutral zone.
3:24 of 3rd period - Zack Kassian is hit by Guillaume Latendresse and loses puck.
3:39 of 3rd period - Wrist shot by Dave Bolland.
3:39 of 3rd period - Shot Blocked by Brian Lee.
3:41 of 3rd period - Snap shot by Brendan Smith.
3:41 of 3rd period - Stopped by Cory Schneider with a rebound.
4:03 of 3rd period - Snap shot by Evgeny Grachev.
4:03 of 3rd period - Shot Misses the Net.
4:05 of 3rd period - Snap shot by Cam Atkinson.
4:05 of 3rd period - Deflect By Evgeny Grachev.
4:05 of 3rd period - Shot Misses the Net.
4:05 of 3rd period - Puck is out of play.
4:06 of 3rd period - John Tavares wins face-off versus Wojtek Wolski in Bruins zone.
4:25 of 3rd period - Minor Penalty to Michael Grabner for Roughing.
4:26 of 3rd period - Jonathan Toews wins face-off versus John Tavares in Stars zone.
4:52 of 3rd period - Brian Lee is hit by Brendan Smith and loses puck.
6:25 of 3rd period - Penalty to Michael Grabner is over, Michael Grabner is back on ice.
7:06 of 3rd period - Backhand shot by B.J. Crombeen.
7:06 of 3rd period - Shot Blocked by Kris Chucko.
7:08 of 3rd period - Slapshot by Boris Valabik.
7:08 of 3rd period - Deflect By Cory Emmerton.
7:08 of 3rd period - Stopped by Kevin Poulin with a rebound.
7:10 of 3rd period - Snap shot by B.J. Crombeen.
7:10 of 3rd period - Stopped by Kevin Poulin without a rebound.
7:11 of 3rd period - Dave Bolland wins face-off versus Antoine Vermette in Bruins zone.
7:23 of 3rd period - Snap shot by Alex Chiasson.
7:23 of 3rd period - Stopped by Kevin Poulin with a rebound.
7:34 of 3rd period - Icing by Scott Hartnell.
7:35 of 3rd period - John Tavares wins face-off versus Dave Bolland in Bruins zone.
7:36 of 3rd period - Slapshot by Guillaume Latendresse.
7:36 of 3rd period - Shot Misses the Net.
7:38 of 3rd period - Snap shot by John Tavares.
7:38 of 3rd period - Shot Misses the Net.
7:40 of 3rd period - Snap shot by Tyson Barrie.
7:40 of 3rd period - Stopped by Kevin Poulin without a rebound.
7:41 of 3rd period - John Tavares wins face-off versus Jonathan Toews in Bruins zone.
7:44 of 3rd period - Wrist shot by Guillaume Latendresse.
7:44 of 3rd period - Deflect By Brendan Smith.
7:44 of 3rd period - Stopped by Kevin Poulin without a rebound.
7:45 of 3rd period - John Tavares wins face-off versus Jonathan Toews in Bruins zone.
8:16 of 3rd period - Wrist shot by Jonathan Toews.
8:16 of 3rd period - Shot Blocked by Paul Ladue.
8:28 of 3rd period - Wojtek Wolski is hit by John Tavares and loses puck.
8:37 of 3rd period - Slapshot by Brendan Smith.
8:37 of 3rd period - Shot Misses the Net.
8:39 of 3rd period - Snap shot by Zack Kassian.
8:39 of 3rd period - Shot Blocked by Tyson Barrie.
8:58 of 3rd period - Minor Penalty to Paul Ladue for Slashing.
8:59 of 3rd period - Dave Bolland wins face-off versus Alexander Frolov in Stars zone.
10:08 of 3rd period - Off-side.
10:09 of 3rd period - Mike Ribeiro wins face-off versus Antoine Vermette in neutral zone.
10:23 of 3rd period - Wrist shot by Matt Read.
10:23 of 3rd period - Shot Blocked by Ian White.
10:33 of 3rd period - Jussi Jokinen is hit by Matt Read and loses puck.
10:50 of 3rd period - Wrist shot by Scott Hartnell.
10:50 of 3rd period - Shot Misses the Net.
10:58 of 3rd period - Penalty to Paul Ladue is over, Paul Ladue is back on ice.
11:00 of 3rd period - Guillaume Latendresse is hit by Zack Kassian and loses puck.
11:11 of 3rd period - Snap shot by Casey Cizikas.
11:11 of 3rd period - Shot Misses the Net.
11:37 of 3rd period - Slava Voynov is hit by Antoine Vermette and loses puck.
11:48 of 3rd period - Snap shot by Alex Chiasson.
11:48 of 3rd period - Deflect By Slava Voynov.
11:48 of 3rd period - Shot Blocked by Ian Cole.
11:48 of 3rd period - Puck is out of play.
11:49 of 3rd period - Evgeny Grachev wins face-off versus Kris Chucko in Bruins zone.
11:50 of 3rd period - Wrist shot by Alexander Frolov.
11:50 of 3rd period - Stopped by Kevin Poulin without a rebound.
11:51 of 3rd period - Evgeny Grachev wins face-off versus Casey Cizikas in Bruins zone.
11:56 of 3rd period - Snap shot by Cam Atkinson.
11:56 of 3rd period - Stopped by Kevin Poulin without a rebound.
11:57 of 3rd period - Evgeny Grachev wins face-off versus Jonathan Toews in Bruins zone.
12:31 of 3rd period - Slapshot by Ian White.
12:31 of 3rd period - Deflect By Guillaume Latendresse.
12:31 of 3rd period - Stopped by Kevin Poulin with a rebound.
14:07 of 3rd period - Antoine Vermette is hit by Brendan Smith and loses puck.
14:16 of 3rd period - Snap shot by Casey Cizikas.
14:16 of 3rd period - Shot Blocked by Brian Lee.
14:34 of 3rd period - Wrist shot by Guillaume Latendresse.
14:34 of 3rd period - Goal by Guillaume Latendresse - Bruins : 2 - Stars : 3.
14:35 of 3rd period - John Tavares wins face-off versus Jonathan Toews in neutral zone.
15:50 of 3rd period - Minor Penalty to Ted Purcell for Hooking.
15:51 of 3rd period - John Tavares wins face-off versus Jonathan Toews in Stars zone.
16:19 of 3rd period - Icing by Brendan Smith.
16:20 of 3rd period - Jussi Jokinen wins face-off versus Dave Bolland in Bruins zone.
16:33 of 3rd period - Wrist shot by Dave Bolland.
16:33 of 3rd period - Shot Misses the Net.
16:35 of 3rd period - Snap shot by Scott Hartnell.
16:35 of 3rd period - Stopped by Cory Schneider without a rebound.
16:36 of 3rd period - John Tavares wins face-off versus Jonathan Toews in Stars zone.
17:50 of 3rd period - Penalty to Ted Purcell is over, Ted Purcell is back on ice.
18:09 of 3rd period - Wrist shot by Michael Grabner.
18:09 of 3rd period - Stopped by Kevin Poulin with a rebound.
18:11 of 3rd period - Slapshot by Ted Purcell.
18:11 of 3rd period - Stopped by Kevin Poulin without a rebound.
18:12 of 3rd period - Dave Bolland wins face-off versus Evgeny Grachev in Bruins zone.
18:44 of 3rd period - Slapshot by Johnny Boychuk.
18:44 of 3rd period - Stopped by Cory Schneider with a rebound.
18:46 of 3rd period - Bruins, Kevin Poulin is pulled from the net.
18:46 of 3rd period - Wrist shot by Dave Bolland.
18:46 of 3rd period - Stopped by Cory Schneider without a rebound.
18:47 of 3rd period - Marc Crawford call a timeout for Bruins.
18:47 of 3rd period - Jonathan Toews wins face-off versus John Tavares in Stars zone.
18:50 of 3rd period - Snap shot by Jonathan Toews.
18:50 of 3rd period - Deflect By Wojtek Wolski.
18:50 of 3rd period - Shot Misses the Net.
18:50 of 3rd period - Puck is out of play.
18:51 of 3rd period - John Tavares wins face-off versus Jonathan Toews in Stars zone.
19:04 of 3rd period - Snap shot by Zack Kassian.
19:04 of 3rd period - Stopped by Cory Schneider without a rebound.
19:05 of 3rd period - John Tavares wins face-off versus Jonathan Toews in Stars zone.
19:10 of 3rd period - Off-side.
19:11 of 3rd period - Jonathan Toews wins face-off versus John Tavares in neutral zone.
19:18 of 3rd period - Slapshot by Zack Kassian.
19:18 of 3rd period - Shot Misses the Net.
19:20 of 3rd period - Wrist shot by Jason Demers.
19:20 of 3rd period - Shot Blocked by John Tavares.
19:22 of 3rd period - Snap shot by Zack Kassian.
19:22 of 3rd period - Shot Blocked by Michael Grabner.
19:24 of 3rd period - Slapshot by Zack Kassian.
19:24 of 3rd period - Deflect By Wojtek Wolski.
19:24 of 3rd period - Shot Hit the Post.
19:24 of 3rd period - Puck is out of play.
19:25 of 3rd period - John Tavares wins face-off versus Jonathan Toews in Stars zone.
19:34 of 3rd period - Zack Kassian is hit by Guillaume Latendresse and loses puck.
Goals for this period are 0 for Bruins vs 2 for Stars.
Shots for this period are 7 for Bruins vs 13 for Stars.